 Dungeon Crawl Stone Soup version 0.29.0-4-gdea44cf6ec (webtiles) character file.

Game seed: 14177872452266704073

140 qw the Shield-Bearer (level 5, 0/40 HPs)
             Began as a Ghoul Fire Elementalist on Aug 29, 2022.
             Was an Initiate of Okawaru.
             Slain by an orc
             ... wielding a +0 war axe
              (2 damage)
             ... on level 5 of the Dungeon.
             The game lasted 00:03:02 (3846 turns).

qw the Shield-Bearer (Ghoul Fire Elementalist)      Turns: 3846, Time: 00:03:02

Health: 0/40       AC: 15    Str: 14      XL:     5   Next: 23%
Magic:  6/6        EV:  0    Int:  9 (10) God:    Okawaru [......]
Gold:   241        SH: 10    Dex:  7 (9)  Spells: 6/7 levels left

rFire   . . .      SeeInvis .     - Unarmed
rCold   + . .      Faith    .   f - +0 tower shield
rNeg    + + +      Spirit   .   h - +1 plate armour
rPois   inf        Reflect  .   c - +2 hat
rElec   .          Harm     .   (no cloak)
rCorr   .          Rampage  .   (no gloves)
Will    .....                   b - +1 pair of boots
Stlth   ..........              (no amulet)
HPRegen 0.00/turn               (no ring)
MPRegen 0.10/turn               (no ring)

@: inhibited regen
A: claws 1, cold resistance 1, negative energy resistance 3, inhibited
regeneration, torment resistance 2, devour on kill
a: Renounce Religion


You were on level 5 of the Dungeon.
You worshipped Okawaru.
Okawaru was noncommittal.
You visited 1 branch of the dungeon, and saw 5 of its levels.

You collected 241 gold pieces.


Innate Abilities, Weirdness & Mutations

You are immune to poison.
You have sharp fingernails.
Your flesh is cold resistant. (rC+)
You are immune to negative energy. (rN+++)
You do not regenerate when monsters are visible.
You are immune to unholy pain and torment.
You thrive by killing the living.


   Skills:
 - Level 1.2 Fighting
 - Level 1.7 Dodging
 - Level 2.1 Stealth
 - Level 3.2 Shields
 + Level 2.7 Unarmed Combat
 - Level 1.7 Spellcasting
 - Level 0.7 Conjurations
 - Level 2.4 Fire Magic


You had 6 spell levels left.
You knew the following spells:

 Your Spells              Type           Power      Damage    Failure   Level
a - Foxfire               Conj/Fire      12%        2x1d4     100%        1

Your spell library contained the following spells:

 Spells                   Type           Power      Damage    Failure   Level
 Scorch                   Fire           10%        2d5       100%        2
 Conjure Flame            Conj/Fire      3%         6-21      100%        3
 Inner Flame              Hex/Fire       2%         N/A       100%        3
 Flame Wave               Conj/Fire      3%         2d5       100%        4

Inventory:

Armour
 b - a +1 pair of boots (worn)
 c - a +2 hat (worn)
 f - a +0 tower shield (worn)
 h - a +1 plate armour (worn)
Scrolls
 e - 2 scrolls of identify
 i - a scroll of teleportation {unknown}
 j - a scroll of torment {unknown}
Potions
 d - a potion of haste
 g - a potion of mutation

Dungeon Overview and Level Annotations

Branches:
Dungeon (5/15)
 Temple: D:4-7

Altars:
Okawaru


Message History

You claw the orc!
You kill the orc!
Okawaru accepts your kill.
You feel better.
Something hits you but does no damage. x2
You scratch the orc but do no damage.
The orc is heavily wounded.
The orc hits you but does no damage.
You hear some strange, mumbled words.
You are confused.
The orc hits you with a +0 war axe. Something hits you but does no damage.
You barely miss the orc.
The orc is heavily wounded.
Something hits you. The orc hits you with a +0 war axe.
You hear some strange, mumbled words.
Something tries to affect you, but you resist.
You bump into the rock wall.
The orc hits you but does no damage. Something hits you but does no damage.
You bump into the rock wall.
The orc hits you with a +0 war axe! Something hits you but does no damage.
You scratch the orc but do no damage.
The orc is heavily wounded.
Something hits you. The orc hits you but does no damage.
Something hits you but does no damage. The orc hits you with a +0 war axe.
You scratch the orc but do no damage.
The orc is heavily wounded.
You feel less confused.
An orc wizard appears from thin air!
Reactivating autopickup.
The orc wizard casts a spell at you.
The magic dart hits you but does no damage.
You block the orc's attack. You block the orc wizard's attack.
You scratch the orc but do no damage.
The orc is heavily wounded.
The orc wizard hits you but does no damage.
The orc hits you but does no damage. You block the orc wizard's attack.
You closely miss the orc.
The orc is heavily wounded.
The orc hits you with a +0 war axe.
You die...

#..#...=........
##...............
##................
#................#
.#####...........!....#
....#...........##....#
................# ...
...........##%#o## .
.........#.....o@#.
........................
..##....................
...#...................#
.......................#
...##......###.......###
...................#..
...................#...
...#...###.........


You could see an orc wizard and an orc.

Vanquished Creatures
  A hound (D:5)
  A gnoll (D:1)
  2 adders
  4 worms
  A dart slug (D:3)
  3 orcs
  8 ball pythons
  4 endoplasms
  7 goblins
  5 hobgoblins
  4 quokkas
  9 bats
  3 frilled lizards
  6 kobolds
  7 rats
65 creatures vanquished.

Notes
Turn   | Place    | Note
-------+----------+-------------------------------------------
     0 | D:1      | qw the Ghoul Fire Elementalist began the quest for the Orb.
     0 | D:1      | Reached XP level 1. HP: 14/14 MP: 2/2
     0 | D:1      | 0 ||| qw: Version: 0.1-a-90-g952f4b7
     0 | D:1      | 0 ||| qw: Game counter: 4108
     0 | D:1      | 0 ||| qw: Always use a shield: true
     0 | D:1      | 0 ||| qw: God list: Okawaru
     0 | D:1      | 0 ||| qw: Allow faded altars: false
     0 | D:1      | 0 ||| qw: Do Orc after D:15 true
     0 | D:1      | 0 ||| qw: Do second Lair branch before Depths: true
     0 | D:1      | 0 ||| qw: Lair rune preference: random
     0 | D:1      | 0 ||| qw: Plans: Normal
     0 | D:1      | 0 ||| PLANNING D:1-11
   132 | D:1      | Reached skill level 1 in Unarmed Combat
   148 | D:1      | 148 ||| Stepping ~*~*~tactically~*~*~ (stealth).
   207 | D:1      | 207 ||| Stepping ~*~*~tactically~*~*~ (stealth).
   232 | D:1      | 232 ||| Stepping ~*~*~tactically~*~*~ (stealth).
   234 | D:1      | 234 ||| Stepping ~*~*~tactically~*~*~ (stealth).
   239 | D:1      | 239 ||| Stepping ~*~*~tactically~*~*~ (stealth).
   258 | D:1      | 258 ||| Stepping ~*~*~tactically~*~*~ (stealth).
   261 | D:1      | 261 ||| Stepping ~*~*~tactically~*~*~ (stealth).
   322 | D:1      | Reached skill level 1 in Fighting
   322 | D:1      | Reached XP level 2. HP: 6/23 MP: 3/3
   373 | D:1      | 373 ||| Stepping ~*~*~tactically~*~*~ (stealth).
   618 | D:1      | 618 ||| Stepping ~*~*~tactically~*~*~ (stealth).
   799 | D:1      | Found a faded altar of an unknown god.
   943 | D:1      | Reached XP level 3. HP: 22/28 MP: 4/4
  1172 | D:1      | 1172 ||| UPGRADING to +2 hat.
  1177 | D:1      | 1177 ||| UPGRADING to +0 tower shield.
  1182 | D:1      | 1182 ||| READING 3 scrolls labelled CAUXTIOK MEINI.
  1183 | D:1      | 1183 ||| READING 2 scrolls of identify.
  1183 | D:1      | 1183 ||| IDENTIFYING fizzy orange potion
  1184 | D:1      | 1184 ||| DROPPING potion of magic.
  1185 | D:1      | 1185 ||| DROPPING potion of brilliance.
  1216 | D:2      | 1216 ||| STAIRDANCE
  1465 | D:2      | Reached skill level 1 in Shields
  1639 | D:2      | Reached XP level 4. HP: 35/35 MP: 5/5
  1866 | D:2      | 1866 ||| UPGRADING to +0 leather armour.
  1876 | D:2      | 1876 ||| DROPPING +0 robe.
  1877 | D:2      | 1877 ||| READING scroll labelled KUD WIRHIH.
  1878 | D:2      | 1878 ||| DRINKING 2 lumpy pink potions.
  1879 | D:2      | 1879 ||| DROPPING potion of degeneration.
  2074 | D:3      | Found an iron altar of Okawaru.
  2078 | D:3      | Became a worshipper of Warmaster Okawaru
  2272 | D:3      | Reached skill level 2 in Shields
  2443 | D:3      | 2443 ||| FLEEEEING.
  2445 | D:3      | 2445 ||| FLEEEEING.
  2446 | D:3      | 2446 ||| FLEEEEING.
  2453 | D:3      | 2453 ||| STAIRDANCE
  2455 | D:2      | 2455 ||| FLEEEEING.
  2456 | D:2      | 2456 ||| FLEEEEING.
  2457 | D:2      | 2457 ||| FLEEEEING.
  2458 | D:2      | 2458 ||| FLEEEEING.
  2463 | D:2      | 2463 ||| FLEEEEING.
  2464 | D:2      | 2464 ||| FLEEEEING.
  2479 | D:2      | 2479 ||| FLEEEEING.
  2489 | D:2      | 2489 ||| STAIRDANCE
  2655 | D:1      | 2655 ||| UPGRADING to +0 plate armour.
  2665 | D:1      | 2665 ||| DROPPING +0 leather armour.
  2666 | D:1      | 2666 ||| READING scroll labelled VEYNOI VYDE.
  2806 | D:3      | 2806 ||| Stepping ~*~*~tactically~*~*~ (hiding).
  2959 | D:3      | 2959 ||| READING scroll of enchant armour.
  2959 | D:3      | 2959 ||| ENCHANTING +0 plate armour.
  3032 | D:3      | 3032 ||| UPGRADING to +0 pair of boots.
  3037 | D:3      | 3037 ||| DRINKING 2 green potions.
  3204 | D:4      | 3204 ||| Stepping ~*~*~tactically~*~*~ (stealth).
  3245 | D:4      | 3245 ||| READING scroll of enchant armour.
  3245 | D:4      | 3245 ||| ENCHANTING +0 pair of boots.
  3287 | D:4      | 3287 ||| Stepping ~*~*~tactically~*~*~ (stealth).
  3290 | D:4      | 3290 ||| Stepping ~*~*~tactically~*~*~ (stealth).
  3716 | D:4      | 3716 ||| READING 5 scrolls of identify.
  3716 | D:4      | 3716 ||| IDENTIFYING bubbling inky potion
  3717 | D:4      | 3717 ||| READING 4 scrolls of identify.
  3717 | D:4      | 3717 ||| IDENTIFYING inky potion
  3718 | D:4      | 3718 ||| READING 3 scrolls of identify.
  3718 | D:4      | 3718 ||| IDENTIFYING murky sapphire potion
  3719 | D:4      | 3719 ||| DROPPING potion of invisibility.
  3744 | D:5      | Entered Level 5 of the Dungeon
  3797 | D:5      | Identified the +2 plate armour of the Five Nights {rN+}
  3806 | D:5      | 3806 ||| Stepping ~*~*~tactically~*~*~ (stealth).
  3811 | D:5      | 3811 ||| Stepping ~*~*~tactically~*~*~ (outnumbered).
  3812 | D:5      | 3812 ||| Stepping ~*~*~tactically~*~*~ (outnumbered).
  3814 | D:5      | 3814 ||| Stepping ~*~*~tactically~*~*~ (outnumbered).
  3828 | D:5      | Reached skill level 3 in Shields
  3828 | D:5      | Reached XP level 5. HP: 20/40 MP: 6/6
  3831 | D:5      | 3831 ||| Stepping ~*~*~tactically~*~*~ (outnumbered).
  3831 | D:5      | HP: 8/40 [something/puff of flame (6)]
  3832 | D:5      | 3832 ||| DRINKING potion of heal wounds.
  3833 | D:5      | 3833 ||| Stepping ~*~*~tactically~*~*~ (outnumbered).
  3842 | D:5      | HP: 6/40 [orc/+0 war axe (8)]
  3843 | D:5      | HP: 2/40 [orc/+0 war axe (2)]
  3846 | D:5      | Slain by an orc

Levels and vault maps discovered:
D:1:      wander_arrival_peaceful_grave, layout_rooms,
          shapermc_ecumenical_altar_mp_vishouse, minmay_distorted
D:2:      layout_rooms
D:3:      layout_basic, minitemple, minmay_close_crescents
D:4:      layout_basic, minmay_splitting_lines, minmay_misc_feat_more_columns,
          minmay_hedge_maze
D:5:      layout_cave_pools, chequers_temple_overflow_statue_of_worship

Skill      XL: |  1  2  3  4 |
---------------+-------------+-----
Unarmed Combat | 1 2 |  2.7
Fighting       | 1 |  1.2
Shields        | 1 3 |  3.2
Dodging        | |  1.7
Stealth        | |  2.1
Spellcasting   | |  1.7
Conjurations   | |  0.7
Fire Magic     | |  2.4

Action                   |  1- 3 |  4- 6 || total
-------------------------+-------+-------++-------
Melee: Unarmed           |   119 |   159 ||   278
       Punch             |     1 |       ||     1
  Use: Scroll            |     2 |     7 ||     9
       Potion            |       |     3 ||     3
 Stab: Sleeping          |     1 |       ||     1
Armor: Robe              |    19 |       ||    19
       Plate armour      |       |    84 ||    84
       Leather armour    |       |    24 ||    24
Dodge: Dodged            |    45 |    14 ||    59
Block: Tower shield      |    26 |    69 ||    95

Table legend:
 A = Non-vault XP
 B = Vault XP
 C = Vault XP percentage of total XP
 D = Non-vault monster count
 E = Vault monster count
 F = Vault count percentage of total count
                 A         B        C        D         E       F
            +---------+---------+-------+---------+---------+-------
      Total |     193 |       8 |   4.0 |      61 |       4 |   6.2
            +---------+---------+-------+---------+---------+-------
        D:1 |      47 |       5 |   9.6 |      20 |       3 |  13.0
        D:2 |      37 |       0 |   0.0 |      15 |       0 |   0.0
        D:3 |      45 |       3 |   6.2 |      16 |       1 |   5.9
        D:4 |      18 |       0 |   0.0 |       8 |       0 |   0.0
        D:5 |      46 |       0 |   0.0 |       2 |       0 |   0.0
            +---------+---------+-------+---------+---------+-------
